 Dungeon Crawl Stone Soup version 0.30.0-11-gf55b779eaf (webtiles) character file.

Game seed: 13805761412214094269

186 safid the Chiller (level 5, -1/41 HPs)
             Began as a Merfolk Ice Elementalist on May 16, 2023.
             Killed from afar by Edmund (5 damage)
             ... with a puff of flame
             ... on level 4 of the Dungeon.
             The game lasted 00:03:45 (2181 turns).

safid the Chiller (Merfolk Ice Elementalist)        Turns: 2181, Time: 00:03:45

Health: -1/41      AC:  8    Str:  6    XL:     5   Next: 65%
Magic:  4/10       EV: 12    Int: 17    God:
Gold:   146        SH:  0    Dex: 14    Spells: 3/10 levels left

rFire   . . .        p - +5 longbow of the Coward {flame, rC++ Str-2}
rCold   + + .        (shield currently unavailable)
rNeg    . . .        a - +0 robe
rPois   .            g - +0 hat
rElec   .            (no cloak)
rCorr   .            (no gloves)
SInv    .            (no boots)
Will    .....        (no amulet)
Stlth   ++           (no ring)
HPRegen 0.26/turn    (no ring)
MPRegen 0.12/turn

%: no passive effects
@: ice-armoured, freezing walls, flying
A: (nimble swimmer 2), mertail
a: no special abilities


You were on level 4 of the Dungeon.
You visited 1 branch of the dungeon, and saw 5 of its levels.

You collected 146 gold pieces.

Inventory:

Hand Weapons
 p - the +5 longbow of the Coward (weapon) {flame, rC++ Str-2}
   (You found it on level 5 of the Dungeon)

   Str:       It affects your strength (-2).
   rC:        It greatly protects you from cold.
Armour
 a - a +0 robe (worn)
 g - a +0 hat (worn)
Scrolls
 c - a scroll of identify {unknown}
 e - a scroll of amnesia {unknown}
 f - 2 scrolls of acquirement {unknown}
 j - 2 scrolls of teleportation {unknown}
 k - 2 scrolls of enchant armour {unknown}
 l - a scroll of fog {unknown}
 m - a scroll of enchant weapon {unknown}
 o - 3 scrolls of immolation {unknown}
Potions
 b - a potion of magic
 d - a potion of haste {unknown}
 h - a potion of flight
 i - a potion of invisibility {unknown}
 n - a potion of heal wounds {unknown}


   Skills:
 + Level 3.1 Fighting
 - Level 2.6 Dodging
 - Level 2.1 Stealth
 + Level 3.3 Spellcasting
 + Level 5.5 Ice Magic


You had 3 spell levels left.
You knew the following spells:

 Your Spells              Type           Power      Damage    Failure   Level
a - Freeze                Ice            84%        1d9       1%          1
b - Frozen Ramparts       Ice            42%        1d7       4%          3
c - Ozocubu's Armour      Ice            21%        N/A       4%          3

Your spell library contained the following spells:

 Spells                   Type           Power      Damage    Failure   Level
 Beastly Appendage        Tmut           4%         N/A       17%         1
 Wereblood                Tmut           2%         N/A       26%         2
 Spider Form              Tmut/Pois      2%         N/A       45%         3
 Summon Ice Beast         Ice/Summ       12%        N/A       47%         4


Dungeon Overview and Level Annotations

Branches:
Dungeon (5/15)
 Temple: D:4-7

Altars:
Elyvilon

Annotations:
D:4 Edmund


Innate Abilities, Weirdness & Mutations

((You are very nimble when in or above water. (Stealth+, EV+, Speed+++)))
Your lower body shifts to a powerful aquatic tail in water.


Message History

You shoot an arrow. The arrow hits Edmund.
The arrow burns Edmund.
Edmund is lightly wounded.
Edmund zaps a wand.
The puff of flame hits you.
Edmund zaps a wand.
The puff of flame hits you!
You shoot an arrow. The arrow hits Edmund.
The arrow burns Edmund.
Edmund is moderately wounded.
You shoot an arrow. The arrow hits Edmund!
The arrow burns Edmund.
Edmund is heavily wounded.
You shoot an arrow.
The arrow hits Edmund but does no damage.
Edmund is heavily wounded.
You shoot an arrow. The arrow barely misses Edmund.
Edmund closely misses you.
You shoot an arrow. The arrow closely misses Edmund.
Edmund barely misses you. Edmund closely misses you.
Casting: Freeze (safe; 1% risk of failure)
Confirm with . or Enter, or press ? or * to list all spells.
Casting: Frozen Ramparts (dangerous; 4% risk of failure)
Press: ? - help, Dir - look around, f - activate The walls around you are covered in ice.
The wall freezes Edmund but does no damage.
Edmund zaps a wand.
The puff of flame hits you!
Unknown command.
Casting: Frozen Ramparts (dangerous; 4% risk of failure)
Confirm with . or Enter, or press ? or * to list all spells.
A film of ice covers your body!
The wall freezes Edmund but does no damage.
Edmund hits you with a +2 flail of protection.
* * * LOW HITPOINT WARNING * * *
The wall freezes Edmund but does no damage.
Edmund hits you with a +2 flail of protection.
* * * LOW HITPOINT WARNING * * *
Unknown command.
You are too injured to fight recklessly!
You are too injured to fight recklessly!
Unknown command.
It was a potion of flight.
You feel very buoyant.
You fly up into the air.
The wall freezes Edmund.
Edmund zaps a wand.
The puff of flame hits you.
You die...

#.##.#### .##
+.+.....# ...
#.##.##.## ..
#. #.##..# ..
.####.#### .#
#. #....### .#
.#
####...###.# #
.#
###.....##.$..
. ####@.......
#@####### #.#
#.# #.# )).
.## .


You could see Edmund.

Vanquished Creatures
  2 orc priests
  A gnoll (D:1)
  4 adders
  3 dart slugs
  6 orcs
  5 ball pythons
  5 bats
  7 endoplasms
  A giant cockroach (D:2)
  5 goblins
  6 hobgoblins
  2 jackals (D:2)
  4 kobolds
  5 quokkas
  3 frilled lizards
  9 rats
68 creatures vanquished.

Notes
Turn   | Place    | Note
-------+----------+-------------------------------------------
     0 | D:1      | safid the Merfolk Ice Elementalist began the quest for the
                  | Orb.
     0 | D:1      | Reached XP level 1. HP: 13/13 MP: 3/3
   134 | D:1      | Reached XP level 2. HP: 20/20 MP: 0/5
   203 | D:1      | Reached skill level 1 in Fighting
   427 | D:1      | Reached XP level 3. HP: 18/26 MP: 2/6
   577 | D:1      | Learned a level 3 spell: Frozen Ramparts
   900 | D:2      | Found a white marble altar of Elyvilon.
   905 | D:2      | Learned a level 3 spell: Ozocubu's Armour
  1186 | D:2      | Reached skill level 5 in Ice Magic
  1188 | D:2      | Reached XP level 4. HP: 30/33 MP: 2/8
  1935 | D:3      | Reached XP level 5. HP: 39/39 MP: 2/9
  2029 | D:3      | You fall into a shaft and drop 2 floors!
  2029 | D:5      | Entered Level 5 of the Dungeon
  2096 | D:5      | Identified the +5 longbow of the Coward {flame, rC++ Str-2}
  2170 | D:4      | Noticed Edmund
  2181 | D:4      | Killed from afar by Edmund

Illustrated notes

Levels and vault maps discovered:
D:1:      amcnicky_arrival_underground_garden, layout_loops_ring
D:2:      layout_loops_ring, basic_altar, minmay_fractal_squares_5
D:3:      layout_basic
D:4:      lemuel_castle_with_subvaults [lemuel_castle_interior_carwin_2],
          layout_basic, tgw_xom, nicolae_overflow_two_pavilions,
          interstate_on_off, uniq_edmund
D:5:      layout_cave_pools, serial_shops, nicolae_shop_tiny_real_fake_doors,
          ebering_dispersal_statue_hall

Skill      XL: |  1  2  3  4  5 |
---------------+----------------+-----
Fighting       | 1 2 3 |  3.1
Ice Magic      | 5 |  5.5
Spellcasting   | 3 |  3.3
Dodging        | |  2.6
Stealth        | |  2.1

Action                     |  1- 3 |  4- 6 || total
---------------------------+-------+-------++-------
  Melee: Unarmed           |     4 |       ||     4
         Whip              |    24 |    28 ||    52
         Punch             |       |     1 ||     1
   Fire: Longbow           |       |    21 ||    21
   Cast: Freeze            |    36 |    19 ||    55
         Frozen Ramparts   |     1 |     2 ||     3
         Ozocubu's Armour  |       |     2 ||     2
    Use: Potion            |       |     1 ||     1
   Stab: Sleeping          |     1 |     1 ||     2
 Armour: Robe              |     5 |    12 ||    17
  Dodge: Dodged            |    41 |    36 ||    77
